[Event "*** Titled Tuesday Blitz"]
[Site "Chess.com"]
[Date "2021.04.06"]
[Round "6"]
[White "pastouche06"]
[Black "Snowflake"]
[Result "1-0"]
[WhiteElo "2607"]
[BlackElo "2493"]
[TimeControl "180+1"]
[EndTime "11:08:57 PDT"]
[Termination "pastouche06 won on time"]

1. d4 Nf6 2. c4 d6 3. Nc3 Bf5 4. f3 e5 5. d5 e4 6. Qd4 c5 7. Qe3 Qe7 8. g4 Bg6 9. g5 Nfd7 10. Nxe4 Bxe4 11. Qxe4 Qxe4 12. fxe4 Ne5 13. Nf3 Nxc4 14. b3 Ne5 15. Nxe5 dxe5 16. Bb2 Nd7 17. Bh3 Be7 18. O-O f6 19. gxf6 gxf6 20. Kh1 Nf8 21. Rad1 Rd8 22. Rg1 Ng6 23. Bf5 Kf7 24. Rg4 Nf4 25. e3 Ng6 26.
Rdg1 b6 27. h4 Bf8 28. h5 Ne7 29. Be6+ Ke8 30. Rf1 h6 31. Rxf6 Rh7 32. Bxe5 Bg7 33. Bf7+ Kf8 34. Bg6+ Bxf6 35. Bxf6 Rf7 36. Bxf7 Kxf7 37.
Bxe7 Kxe7 38. Rg7+ Kd6 39. Rg6+ Kc7 40. Rxh6 Rf8 41.
Kg2 Re8 42. Kf3 Rf8+ 43. Kg3 Re8 44. Kf4 Kb7 45. e5 b5 46. e6 c4 47. bxc4 bxc4 48. Rg6 Rf8+ 49. Ke5 Rf1 50. Rg2 Re1 51. Ke4 c3 52. e7 Re2 53. Rxe2 c2 54. Rxc2 1-0

[Event "*** Titled Tuesday Blitz"]
[Site "Chess.com"]
[Date "2021.04.06"]
[Round "6"]
[White "Schack-Hugo"]
[Black "ffbp3q"]
[Result "1/2-1/2"]
[WhiteElo "2201"]
[BlackElo "2368"]
[TimeControl "180+1"]
[EndTime "11:08:59 PDT"]
[Termination "Game drawn by repetition"]

1. e4 c5 2. Nf3 e6 3. d4 cxd4 4. Nxd4 Nc6 5. Nc3 Qc7 6. Be3 a6 7. Bd3 Nf6 8. f4 d6 9. Qf3 Bd7 10. g4 Nxd4 11. Bxd4 Bc6 12. g5 Nd7 13. O-O-O O-O-O 14. Rhe1 Kb8 15. f5 Nc5 16. f6 g6 17. Qg3 h6 18. h4 hxg5 19. hxg5 b5 20. Bf1 Nd7 21.
a3 Ka8 22. Rd2 Rc8 23. Red1 Nb6 24. Bxb6 Qxb6 25. Qf2 Qxf2 26. Rxf2 Rh5 27. Rg2 Rh4 28. Be2 Ka7 29. Rg4 Rh2 30. Bf3 Kb6 31. Rh1 Rxh1+ 32. Bxh1 Rd8 33. Rh4 d5 34. exd5 exd5 35. Rh8 Kc7 36.
Nxd5+ Bxd5 37. Bxd5 Rxd5 38. Rxf8 Rxg5 39. Rxf7+ Kb6 40.
Re7 Rf5 41. f7 g5 42. Kd2 g4 43. Re6+ Kc5 44. b4+ Kd5 45. Rxa6 Rxf7 46. Rg6 Rf4 47. Kd3 Rf3+ 48. Kd2 Rf4 49. Rg5+ Kc6 50. Rc5+ Kb6 51. Rg5 Kc6 52. Rg6+ Kd5 1/2-1/2

[Event "*** Titled Tuesday Blitz"]
[Site "Chess.com"]
[Date "2021.04.06"]
[Round "6"]
[White "zajka-molotok"]
[Black "Borsuk_Konstantin"]
[Result "0-1"]
[WhiteElo "2520"]
[BlackElo "2676"]
[TimeControl "180+1"]
[EndTime "11:09:01 PDT"]
[Termination "Borsuk_Konstantin won by resignation"]

1. e4 e6 2. d4 d5 3. e5 c5 4.
c3 Nc6 5. Nf3 Qb6 6. a3 c4 7. Nbd2 Na5 8. Be2 Bd7 9. O-O Ne7 10. Rb1 h6 11. Re1 O-O-O 12. Nf1 Nb3 13. N3d2 Nxc1 14. Qxc1 Ba4 15. Ng3 Nc6 16. f4 g6 17. Ndf1 Be7 18. Ne3 Na5 19. Bd1 Bxd1 20. Qxd1 Kb8 21. Qf3 Nb3 22. Re2 Na5 23. Rf1 Rdg8 24.
Ref2 Qd8 25. Ne2 Nc6 26. h3 h5 27. g4 a6 28. Rh2 Ka7 29. Rff2 Qb6 30. Ng3 Bh4 31.
Rfg2 Bxg3 32. Qxg3 Qb3 33. Qf3 Qa2 34. Qd1 Ne7 35. Qc2 Qa1+ 36. Kf2 Qa2 37. f5 hxg4 38. hxg4 Rxh2 39. Rxh2 gxf5 40. gxf5 Qa1 41. Rg2 Rxg2+ 42. Kxg2 Qe1 43. Qf2 Qc1 44. fxe6 fxe6 45. Qe2 Ng6 46. Qf2 Qb1 47. Ng4 Qe4+ 48. Kg3 Qd3+ 49. Qf3 Qb1 50. Qe2 Qc1 51. Qf2 a5 52. Nf6 Qg5+ 53. Kh2 Nf4 54. Qg3 Qh6+ 55. Kg1 Ne2+ 56. Kf2 Nxg3 57.
Kxg3 Qg5+ 0-1

[Event "*** Titled Tuesday Blitz"]
[Site "Chess.com"]
[Date "2021.04.06"]
[Round "6"]
[White "davigator"]
[Black "Vandros57"]
[Result "1-0"]
[WhiteElo "2376"]
[BlackElo "2211"]
[TimeControl "180+1"]
[EndTime "11:09:01 PDT"]
[Termination "davigator won on time"]

1. e4 c6 2. d4 d5 3. e5 h5 4.
c4 Bf5 5. Nc3 e6 6. Be2 Bg6 7. Nh3 dxc4 8. Bxc4 Nd7 9. Nf4 Bf5 10.
Nxh5 Nb6 11. Be2 Qd7 12. Be3 O-O-O 13. Qd2 g6 14. Ng3 Bb4 15. a3 Bxc3 16. bxc3 Ne7 17. c4 c5 18. d5 exd5 19. Bxc5 dxc4 20. Qa5 Nc6 21. Qc3 Bd3 22. O-O-O Qd5 23. Bd6 Qb5 24. Bg4+ Nd7 25. Qb2 Qxb2+ 26. Kxb2 b6 27. f4 Kb7 28. Ne2 Be4 29. Nc3 Bxg2 30. Rhg1 Bh3 31. Rd2 Bxg4 32. Rxg4 Nc5 33. Rd5 Nd3+ 34. Kc2 Na5 35. Rxd3 cxd3+ 36. Kxd3 Rxh2 37. f5 gxf5 38. Rg7 Rd7 39. Nd5 Nc6 40. Nf6 Rxd6+ 41. exd6 Rh3+ 42. Kd2 Rxa3 43. Rxf7+ Ka6 44. Nd5 Kb5 45. Nc3+ Kc4 46. Ne2 Kd5 47. d7 Kd6 48. Nf4 Kc7 49. Nd5+ Kd6 50. Nf6 Kc7 51. Rf8 Kd6 52. Rc8 1-0

[Event "*** Titled Tuesday Blitz"]
[Site "Chess.com"]
[Date "2021.04.06"]
[Round "6"]
[White "karinachess1"]
[Black "TheCount"]
[Result "0-1"]
[WhiteElo "2481"]
[BlackElo "2598"]
[TimeControl "180+1"]
[EndTime "11:09:02 PDT"]
[Termination "TheCount won by resignation"]

1. c4 Nf6 2. Nf3 g6 3. Nc3 d5 4. cxd5 Nxd5 5. h4 Nxc3 6. dxc3 Qxd1+ 7. Kxd1 h5 8. e4 f6 9. Kc2 e5 10. Nd2 Bc5 11. f3 Be6 12. Bc4 Ke7 13. Bxe6 Kxe6 14. a4 a5 15. Nc4 Nd7 16. Be3 Bxe3 17. Nxe3 Nb6 18. b3 f5 19. Rae1 fxe4 20. fxe4 Rhf8 21.
Rhf1 Rf4 22. Rxf4 exf4 23. Nf1 Nd7 24. Nd2 Ne5 25. Nf3 Ng4 26. Ng5+ Kf6 27. Re2 Ne3+ 28. Kc1 Rd8 29. g3 Rd1+ 30. Kb2 Ke5 31. gxf4+ Kxf4 32.
Rf2+ Kg4 33. Rf7 Kxh4 34. Nf3+ Kg3 35. e5 Nf5 36. Ng5 Re1 37. e6 h4 38. Rxc7 h3 39. Nxh3 Kxh3 40. Rxb7 Rxe6 41. Rb5 Rf6 42. Rxa5 g5 43. Ra8 g4 44. Rh8+ Nh6 45. a5 g3 46. Re8 g2 47. Re1 Rf1 48. Re3+ Kh4 49.
Re4+ Ng4 50. a6 g1=Q 51. Ka3 Ra1+ 52. Kb4 Rxa6 0-1

[Event "*** Titled Tuesday Blitz"]
[Site "Chess.com"]
[Date "2021.04.06"]
[Round "6"]
[White "tylityli"]
[Black "profofchess"]
[Result "1/2-1/2"]
[WhiteElo "2337"]
[BlackElo "2507"]
[TimeControl "180+1"]
[EndTime "11:09:02 PDT"]
[Termination "Game drawn by stalemate"]

1. d4 Nf6 2. c4 e6 3. Nc3 Bb4 4.
e3 O-O 5. Ne2 Re8 6. a3 Bf8 7.
d5 e5 8. e4 a5 9. Ng3 g6 10.
Be2 Na6 11. O-O Nc5 12. Be3 a4 13. Bxc5 Bxc5 14. Nxa4 Bd4 15. Nc3 Bxc3 16. bxc3 d6 17.
f4 exf4 18. Rxf4 Nd7 19. Bg4 Ne5 20. Bxc8 Qxc8 21. c5 dxc5 22. h4 Qd8 23. Qf1 c4 24.
Rf6 Ra6 25. Rxa6 bxa6 26. Qf4 Nd3 27. Qg4 Qc8 28. Qxc8 Rxc8 29. Rb1 c6 30. Rb6 cxd5 31. exd5 Rd8 32. d6 a5 33. Ne4 Kg7 34. Rc6 Ne5 35. Rc5 f6 36. Rc7+ Nf7 37. d7 Ne5 38. Nc5 Kf7 39. Ra7 Ke7 40. Rxa5 Nxd7 41. Ra7 Ke8 42.
Nxd7 Rxd7 43. Rxd7 Kxd7 44. Kf2 Kc6 45. Ke3 Kb5 46.
Kd4 h5 47. a4+ Kxa4 48. Kxc4 g5 49. Kd5 g4 50. c4 f5 51. c5 f4 52. Ke4 f3 53. gxf3 gxf3 54. Kxf3 Kb5 55. Kf4 Kxc5 56. Kg5 Kd6 57. Kxh5 Ke7 58. Kg6 Kf8 59. h5 Kg8 60. h6 Kh8 61. h7 1/2-1/2

[Event "*** Titled Tuesday Blitz"]
[Site "Chess.com"]
[Date "2021.04.06"]
[Round "6"]
[White "HackingKid98"]
[Black "elextranjero00"]
[Result "1-0"]
[WhiteElo "2490"]
[BlackElo "2581"]
[TimeControl "180+1"]
[EndTime "11:09:03 PDT"]
[Termination "HackingKid98 won by resignation"]

1. Nf3 d5 2. d4 Nf6 3. c4 e6 4. g3 Bb4+ 5. Bd2 Be7 6. Qc2 c6 7. Bg2 O-O 8. O-O Nbd7 9. b3 b6 10. Nc3 Ba6 11. e4 dxc4 12. Rfd1 Rc8 13. Bf4 Qe8 14. h3 h6 15. g4 Bb4 16. Ne5 Nxe5 17. Bxe5 Nd7 18. Bg3 e5 19. dxe5 Nxe5 20. f4 Nd3 21.
bxc4 Nc5 22. e5 Bxc4 23. Ne4 Bd5 24. Nd6 Qe7 25. Nxc8 Rxc8 26. Bxd5 cxd5 27. Rxd5 Re8 28. Rad1 h5 29. Qc4 Ba5 30. f5 hxg4 31. Qxg4 Bc3 32. f6 Qf8 33. h4 Ne6 34. h5 Qb4 35. Qxb4 Bxb4 36. Rd7 Bc5+ 37. Kg2 a5 38. Rb7 gxf6 39. exf6 Nd4 40. Bf2 Re2 41. Kf1 Re4 42. Bxd4 Bxd4 43. Kg2 Bxf6 44. Rdd7 Be5 45. Rxf7 Re2+ 46. Kf3 Rxa2 47. Ke4 Re2+ 48. Kd5 Re1 49. Rfe7 Rd1+ 50.
Kxe5 Rd8 51. Kf6 1-0

[Event "*** Titled Tuesday Blitz"]
[Site "Chess.com"]
[Date "2021.04.06"]
[Round "6"]
[White "BahadirOzen"]
[Black "ErikRonka"]
[Result "1/2-1/2"]
[WhiteElo "2719"]
[BlackElo "2450"]
[TimeControl "180+1"]
[EndTime "11:09:03 PDT"]
[Termination "Game drawn by repetition"]

1. g3 d5 2. Nf3 c6 3. Bg2 Bg4 4.
c4 e6 5. cxd5 Bxf3 6. Bxf3 cxd5 7. O-O Nc6 8. Nc3 Nf6 9. d3 Bc5 10. Bg2 O-O 11. a3 Rc8 12. Bd2 Qe7 13. Rc1 Rfd8 14. b4 Bd6 15. Qb3 Nd4 16. Qa2 a5 17. bxa5 Bxa3 18. Ra1 Bb4 19. Rfc1 Ra8 20. Qb2 Nc6 21. Nb5 Bxa5 22. Nd4 Bxd2 23. Nxc6 bxc6 24. Qxd2 Rxa1 25. Rxa1 c5 26. Rc1 Rc8 27. Qa2 h6 28.
Qa6 Qc7 29. e3 Nd7 30. Bf1 Qc6 31. Qa1 Qd6 32. Qa3 Qc6 33. Qa1 Qc7 34. Qa3 Ne5 35. d4 Nc4 36. Bxc4 cxd4 37. exd4 dxc4 38. Rc3 Qc6 39. Qa7 Rc7 40. Qb8+ Rc8 41. Qf4 Qd5 42. f3 Rd8 43. Kg2 Qxd4 44. Rxc4 Qxf4 45. Rxf4 g5 46. Ra4 Kg7 47. g4 Kg6 48. Kg3 Rd2 49. h4 f6 50. Ra7 gxh4+ 51. Kxh4 Rd4 52. Kg3 h5 53. gxh5+ Kxh5 54. Rg7 Rd5 55. Re7 e5 56. Rg7 Kh6 57. Rg8 Rd7 58. Kf2 Rg7 59. Rh8+ Kg6 60. Ke3 Kf5 61.
Rh5+ Ke6 62. Ke4 Ra7 63. Rh8 Ra4+ 64. Ke3 Ra3+ 65. Kf2 Ra4 66. Ke3 Kf5 67. Rh5+ Ke6 68. Rh8 1/2-1/2

[Event "*** Titled Tuesday Blitz"]
[Site "Chess.com"]
[Date "2021.04.06"]
[Round "6"]
[White "SHIVACalypso"]
[Black "KNCP_719"]
[Result "0-1"]
[WhiteElo "2400"]
[BlackElo "2575"]
[TimeControl "180+1"]
[EndTime "11:09:03 PDT"]
[Termination "KNCP_719 won by checkmate"]

1. Nf3 d5 2. c4 e6 3. g3 Nf6 4.
Bg2 Be7 5. O-O O-O 6. d4 dxc4 7. Qc2 a6 8. a4 Bd7 9. Ne5 Nc6 10. Qxc4 b5 11.
axb5 Nxe5 12. dxe5 Bxb5 13. Qxb5 axb5 14. Rxa8 Qd4 15.
Rxf8+ Kxf8 16. exf6 Bxf6 17. Nc3 Qc4 18. Bf3 b4 19. Ne4 Be7 20. Bf4 f5 21. Rc1 Qb5 22. Ng5 c5 23. Nxe6+ Kf7 24. Bd5 Kg6 25. Bc4 Qa4 26.
b3 Qa2 27. Nc7 Bf6 28. Nd5 Bb2 29. Rd1 h6 30. Ne7+ Kf6 31. Nd5+ Kg6 32. Bd6 Bd4 33.
e3 Qc2 34. Rf1 Bb2 35. Bxc5 h5 36. h4 Kh6 37. Be7 Kh7 38. Bg5 Be5 39. Nf4 Bb2 40. Bf7 g6 41. Bxg6+ Kg8 42. Bf7+ Kxf7 43. Kg2 Qxb3 44.
Nxh5 Bc3 45. Nf4 Qc4 46. h5 b3 47. h6 b2 48. h7 Qe4+ 49. f3 Qc2+ 50. Kh3 b1=Q 51.
Rxb1 Qxb1 52. h8=Q Bxh8 53. Bh6 Qh1# 0-1

[Event "*** Titled Tuesday Blitz"]
[Site "Chess.com"]
[Date "2021.04.06"]
[Round "6"]
[White "guillembaches"]
[Black "moro182"]
[Result "0-1"]
[WhiteElo "2508"]
[BlackElo "2747"]
[TimeControl "180+1"]
[EndTime "11:09:04 PDT"]
[Termination "moro182 won on time"]

1. e4 g6 2. d4 Bg7 3. Be3 d6 4. Qd2 Nf6 5. f3 O-O 6. Bh6 c5 7. d5 e6 8. Bxg7 Kxg7 9. Nc3 exd5 10. Nxd5 Nxd5 11. Qxd5 Be6 12. Qd2 Nc6 13. Ne2 d5 14. exd5 Qxd5 15. Qxd5 Bxd5 16. Nf4 Rfe8+ 17. Kf2 Rad8 18.
Bb5 a6 19. Bxc6 Bxc6 20. Rad1 Bb5 21. Rhe1 Rxe1 22. Kxe1 Re8+ 23. Kf2 g5 24. Nd3 c4 25. Nc1 Re7 26. Ne2 h5 27. Nc3 Bc6 28. Rd4 b5 29. Rd6 Bb7 30. Ne4 Bxe4 31. fxe4 Rxe4 32. Rxa6 Rd4 33. Ke2 Re4+ 34. Kf2 Re5 35. Ra5 Rd5 36. Ke2 Re5+ 37. Kf2 Rf5+ 38. Ke2 Kg6 39. b3 cxb3 40. cxb3 Re5+ 41. Kf2 Rc5 42. a4 Rc2+ 43. Kf1 Rc1+ 44. Kf2 Rc2+ 45. Kf1 bxa4 46. bxa4 Ra2 47. g3 f6 48. Kg1 Kf7 49. Ra6 Kg6 50. Ra5 g4 51.
Ra6 Kf5 52. Ra5+ Ke4 53. Rxh5 f5 54. Rh8 Kf3 55. h4 Kxg3 56. Kf1 f4 57. Ke1 f3 58. h5 f2+ 59. Kf1 Ra1+ 0-1

[Event "*** Titled Tuesday Blitz"]
[Site "Chess.com"]
[Date "2021.04.06"]
[Round "6"]
[White "kinga2008"]
[Black "AungTZ"]
[Result "0-1"]
[WhiteElo "2259"]
[BlackElo "2086"]
[TimeControl "180+1"]
[EndTime "11:09:06 PDT"]
[Termination "AungTZ won by resignation"]

1. d4 Nf6 2. c4 e6 3. Nc3 Bb4 4.
Bg5 c5 5. e4 Qa5 6. Bxf6 Bxc3+ 7.
bxc3 Qxc3+ 8. Ke2 Qxc4+ 9. Kf3 Qc3+ 10. Kg4 gxf6 11. Rc1 Rg8+ 12. Kh4 Qb2 13. Rc2 Qb6 14. Rxc5 Nc6 15. Nf3 Qd8 16. g4 d6 17. Rh5 f5+ 18. g5 fxe4 19. Nd2 h6 20. Nxe4 hxg5+ 21. Nxg5 Qf6 22.
Qf3 Qxf3 23. Nxf3 e5 24. Bh3 Bxh3 25. Kxh3 e4 26. Ng5 d5 27. Rc1 O-O-O 28. Nxf7 Rdf8 29. Ne5 Rf6 30. Nxc6 bxc6 31. Rc2 Kd7 32. a4 Kd6 33. a5 Rf3+ 34. Kh4 Rf4+ 35. Kh3 Rf7 36. Rh6+ Kd7 37. Rcxc6 Rxf2 38. Rcd6+ Ke7 39. Rde6+ Kd7 40. Rd6+ Kc7 41. Rxd5 e3 42. Rc5+ Kb8 43. Re5 e2 44. Rhe6 Rf7 45. Rh6 Rf2 46. Rhe6 Rgg2 47. Re8+ Kc7 48. R8e7+ Kd6 49.
R7e6+ Kd7 50. Re7+ Kc6 51. R7e6+ Kb7 52. d5 Rxh2+ 53.
Kg3 Rfg2+ 54. Kf3 Rf2+ 55. Kg3 e1=Q 56. Re2 Rxe2+ 0-1

[Event "*** Titled Tuesday Blitz"]
[Site "Chess.com"]
[Date "2021.04.06"]
[Round "6"]
[White "Semetey"]
[Black "Fy_Rakotomaharo"]
[Result "0-1"]
[WhiteElo "2531"]
[BlackElo "2695"]
[TimeControl "180+1"]
[EndTime "11:09:07 PDT"]
[Termination "Fy_Rakotomaharo won by checkmate"]

1. e4 e5 2. Nc3 Nf6 3. Bc4 Nc6 4. d3 Na5 5. Nf3 d6 6. h3 c6 7. a4 Nxc4 8. dxc4 Be7 9. O-O O-O 10. b3 h6 11. Be3 Be6 12. Re1 Qc7 13. a5 Rfd8 14.
Qe2 d5 15. cxd5 cxd5 16. Nb5 Qb8 17. exd5 Nxd5 18. Bd2 a6 19. Nc3 Nb4 20. Rac1 f6 21.
Na4 Qc7 22. Nb6 Rab8 23. Red1 Nd5 24. Nc4 Bf7 25. Qe4 Bf8 26. Ne1 Ne7 27. Nb6 Bg6 28.
Qe2 Nd5 29. Nc4 Nb4 30. Be3 Bc5 31. c3 Nd5 32. Bxc5 Qxc5 33. b4 Qc7 34. g3 Kh7 35. h4 h5 36. Ne3 Nxc3 37. Rxc3 Qxc3 38.
Rxd8 Rxd8 39. Nf3 Qa1+ 40. Kg2 Be4 41. Kh2 Bd3 42. Ng5+ fxg5 43. Qxh5+ Kg8 44. Qxg5 Qd4 45. Ng4 Kh8 46. Qh5+ Bh7 47. Qg5 Rf8 48. Kg1 Qd1+ 49. Kh2 Qf3 50. h5 Be4 51. Kh3 Qh1+ 52. Nh2 Bf5+ 53. g4 Be4 54. h6 Qg2+ 55. Kh4 Qxh2# 0-1

[Event "*** Titled Tuesday Blitz"]
[Site "Chess.com"]
[Date "2021.04.06"]
[Round "6"]
[White "Shuvalov"]
[Black "Meri-Arabidze"]
[Result "1-0"]
[WhiteElo "2479"]
[BlackElo "2640"]
[TimeControl "180+1"]
[EndTime "11:09:07 PDT"]
[Termination "Shuvalov won on time"]

1. b4 e5 2. Bb2 Bxb4 3. Bxe5 Nf6 4. Nc3 Nc6 5. Bxf6 Qxf6 6. Nd5 Qd8 7. e4 O-O 8. Nf3 Re8 9. Bd3 Bc5 10. O-O d6 11. c3 Bg4 12. Bc2 Ne5 13. d4 Nxf3+ 14. gxf3 Bh3 15. Qd2 Bxf1 16. Rxf1 Bb6 17. Kh1 c6 18.
Ne3 g6 19. Rg1 Qf6 20. Rg3 Bd8 21. Ng4 Qh4 22. f4 h5 23. Nh6+ Kf8 24. e5 dxe5 25.
fxe5 Re6 26. Bb3 Qe4+ 27. Kg1 Qb1+ 28. Kg2 h4 29. Rf3 Qe4 30. Bxe6 Ke7 31. d5 fxe6 32.
dxe6 h3+ 33. Kg3 Qxe5+ 34. Kxh3 Qxe6+ 35. Kg2 Qd5 36. Qe2+ Kd7 37. c4 Qg5+ 38. Rg3 Qxh6 39. Rd3+ Kc7 40. Qe5+ Kc8 41. Qe6+ Kc7 42. Rd7+ Kb6 43.
c5+ Kxc5 44. Qe5+ Kb6 45. Qb2+ Kc5 46. Qc3+ Kb5 47. a4+ Ka6 48. Qc4+ Ka5 49. Qc5+ Kxa4 50. Rd4+ Kb3 51. Qc4+ Kb2 52. Qb4+ 1-0

[Event "*** Titled Tuesday Blitz"]
[Site "Chess.com"]
[Date "2021.04.06"]
[Round "6"]
[White "XDPS"]
[Black "AlexSuv"]
[Result "1-0"]
[WhiteElo "2747"]
[BlackElo "2575"]
[TimeControl "180+1"]
[EndTime "11:09:09 PDT"]
[Termination "XDPS won by resignation"]

1. e4 c5 2. Nf3 e6 3. d4 cxd4 4. Nxd4 Nc6 5. Nb5 d6 6. c4 Nf6 7. N1c3 a6 8. Na3 Be7 9. Be2 O-O 10. O-O b6 11. Be3 Bb7 12. Qb3 Ne5 13. Bxb6 Qc8 14. f3 Rb8 15. Ba7 Ra8 16. Be3 Rd8 17. Rfd1 Bc6 18.
Kh1 Rb8 19. Qc2 Qb7 20. Rab1 d5 21. cxd5 exd5 22. exd5 Nxd5 23. Nxd5 Bxd5 24. Nc4 Rbc8 25. b3 Bxc4 26. bxc4 Rxd1+ 27. Qxd1 Qc7 28. Bb6 Qc6 29.
Bg1 Bc5 30. Bxc5 Qxc5 31. Qa4 a5 32. Qb5 g5 33. Qxc5 Rxc5 34. Rb5 Nd7 35. Kg1 Kg7 36.
Kf2 Kf6 37. Ke3 Ke5 38. g3 Rxb5 39. cxb5 Kd5 40. f4 f6 41. Bf3+ Kc5 42. Bc6 Nb6 43. Ke4 a4 44. Kf5 gxf4 45. gxf4 a3 46. Kxf6 Na4 47. Be8 Nc3 48. Bf7 Kxb5 49. Kg7 Kc5 50. f5 Kd4 51. f6 Ke5 52. Bb3 Ne4 53. f7 Ng5 54. f8=Q Ne6+ 55. Bxe6 1-0

[Event "*** Titled Tuesday Blitz"]
[Site "Chess.com"]
[Date "2021.04.06"]
[Round "6"]
[White "beto-betun"]
[Black "TeukkaSalama"]
[Result "0-1"]
[WhiteElo "2217"]
[BlackElo "2380"]
[TimeControl "180+1"]
[EndTime "11:09:11 PDT"]
[Termination "TeukkaSalama won by resignation"]

1. d4 d5 2. Nf3 Nf6 3. g3 e6 4. Bg2 Be7 5. O-O O-O 6. c4 dxc4 7. Qc2 a6 8. Qxc4 b5 9. Qc2 Bb7 10. Rd1 Be4 11. Qd2 Nc6 12. Nc3 Bb4 13. Qf4 Bxc3 14.
bxc3 Qd5 15. Ba3 Rfd8 16. Qxc7 Rac8 17. Qf4 Na5 18. Bc5 Nc4 19. Nh4 Bxg2 20. Nxg2 Ne4 21. Ne3 Nxe3 22. Qxe3 Nxc5 23. dxc5 Qxd1+ 24. Rxd1 Rxd1+ 25. Kg2 g6 26. h4 h5 27. Qe4 Rd5 28. c4 Rdxc5 29. cxb5 axb5 30. a4 Rc4 31. Qb7 bxa4 32. Qa6 R8c7 33. Qa8+ Kg7 34. Qa5 R7c5 35. Qa7 Rb5 36. Qa6 Rbb4 37. Qa5 Rd4 38. Qe5+ Kg8 39. Qa5 Rbc4 40. Qe5 Rd5 41. Qb8+ Kg7 42. Qa7 Rcd4 43. Qb6 a3 44. Qa6 Rd2 45. Qa4 Rxe2 46. Qxa3 Rdd2 47.
Qc3+ Kh7 48. Qf3 Rxf2+ 49. Qxf2 Rxf2+ 50. Kxf2 Kg7 51. Ke3 Kf6 52. Kf4 e5+ 53. Ke4 Ke6 54. Kf3 Kf6 55. Ke3 Kf5 56. Kf3 f6 57. Ke3 Kg4 58. Kf2 Kh3 59. Kf3 Kh2 60. g4 hxg4+ 61.
Kxg4 e4 62. Kf4 f5 63. h5 gxh5 64. Kxf5 e3 65. Kg5 e2 66. Kxh5 e1=Q 67. Kg5 Qf2 0-1

[Event "*** Titled Tuesday Blitz"]
[Site "Chess.com"]
[Date "2021.04.06"]
[Round "6"]
[White "kidagent"]
[Black "Ajedrez_con_German"]
[Result "1-0"]
[WhiteElo "2342"]
[BlackElo "2464"]
[TimeControl "180+1"]
[EndTime "11:09:12 PDT"]
[Termination "kidagent won on time"]

1. e4 d5 2. exd5 Qxd5 3. Nc3 Qd6 4. Nf3 Nf6 5. Bc4 Bg4 6. h3 Bxf3 7. Qxf3 c6 8. d3 e6 9. Bf4 Qb4 10. O-O-O Nbd7 11. Rhe1 Be7 12. g4 O-O 13. g5 Nd5 14. Nxd5 cxd5 15. Bb3 Nc5 16. Bxd5 exd5 17. Rxe7 Nxd3+ 18. Qxd3 Qxe7 19. Qxd5 Rfd8 20. Qf3 Rxd1+ 21.
Qxd1 Rd8 22. Qf1 Qe6 23. b3 Re8 24. Be3 b6 25. h4 Qe4 26. Qb5 Rc8 27. c4 Qxh4 28. Qd7 Qh1+ 29. Kb2 Qa8 30. a4 Rd8 31. Qe7 Re8 32. Qc7 Qb8 33. Qd7 a6 34. Bxb6 Qe5+ 35. Bd4 Qe2+ 36. Ka3 a5 37. Be3 Rf8 38. c5 Qe1 39.
Qd2 Qa1+ 40. Qa2 Qc3 41. Qd2 Qa1+ 42. Qa2 Qe5 43. Qd2 g6 44. Qxa5 Qa1+ 45. Kb4 Qe1+ 46. Kb5 Rb8+ 47. Qb6 Qe2+ 48. Kc6 Qf3+ 49. Kc7 Rxb6 50.
cxb6 Qd1 51. b7 Qc2+ 52. Kd8 Qd3+ 53. Kc8 Qc3+ 54. Kb8 Qxb3 55. a5 Qb5 56. Bb6 Qc5 57.
Bxc5 1-0

[Event "*** Titled Tuesday Blitz"]
[Site "Chess.com"]
[Date "2021.04.06"]
[Round "6"]
[White "Tactictic"]
[Black "Ranindu2003"]
[Result "0-1"]
[WhiteElo "2452"]
[BlackElo "2591"]
[TimeControl "180+1"]
[EndTime "11:09:13 PDT"]
[Termination "Ranindu2003 won by checkmate"]

1. e4 c5 2. Nf3 d6 3. d4 cxd4 4. Nxd4 Nf6 5. Nc3 a6 6. Be3 e5 7. Nf3 Be7 8. Bc4 Nc6 9. O-O Na5 10. Bb3 Nxb3 11. axb3 O-O 12. Qe2 Be6 13. Rfd1 Qc7 14. Bg5 Rfc8 15. Nd2 b5 16. b4 h6 17. Bxf6 Bxf6 18. Nf1 Bg5 19. g3 Bc4 20. Qg4 Be6 21. Qe2 Qb6 22. h4 Be7 23. Ne3 Bf8 24. Ncd5 Qc6 25. c3 g6 26. Rd2 h5 27. Rad1 Qb7 28.
Nf6+ Kh8 29. Nf5 Rd8 30. Qf3 Bxf5 31. Nd5 Bg4 32. Qf6+ Bg7 33. Qg5 Bxd1 34. Rxd1 Rac8 35. g4 hxg4 36. Qxg4 Qd7 37. Qg3 Qe6 38. Rd3 Bh6 39.
Rf3 f5 40. Qh3 Rf8 41. h5 Rg8 42. Kf1 Rcf8 43. hxg6 Qxg6 44. exf5 Qg1+ 45. Ke2 Kh7 46. Ne3 Qc1 47. Qh4 Qxb2+ 48. Kd1 Qb1+ 49. Ke2 e4 50.
Rh3 Qd3+ 51. Ke1 Qb1+ 52. Ke2 Qd3+ 53. Ke1 Rg1+ 54. Nf1 Rxf1# 0-1

[Event "*** Titled Tuesday Blitz"]
[Site "Chess.com"]
[Date "2021.04.06"]
[Round "6"]
[White "Arseniy_Nesterov"]
[Black "swisspower96"]
[Result "0-1"]
[WhiteElo "2749"]
[BlackElo "2566"]
[TimeControl "180+1"]
[EndTime "11:09:14 PDT"]
[Termination "swisspower96 won by checkmate"]

1. d4 Nf6 2. c4 e6 3. Nf3 d5 4. Nc3 Bb4 5. Qb3 c5 6. dxc5 Nc6 7. Bg5 Qa5 8. Bxf6 dxc4 9. Qxc4 gxf6 10. Rc1 Qxc5 11.
Qh4 Ke7 12. g3 Bxc3+ 13. bxc3 Bd7 14. Bg2 Rag8 15. O-O h5 16. h3 b6 17. Nd4 Na5 18. Nb3 Nxb3 19. axb3 Rc8 20. Rfd1 Rc7 21. b4 Qe5 22. c4 Rhc8 23. Bf3 Qg5 24. Qd4 h4 25. Qd6+ Ke8 26. Rd4 Qxc1+ 27. Kg2 Qh6 28. Rxh4 Qf8 29. Qd3 Bc6 30. Kh2 Bxf3 31. Qxf3 Ke7 32. Qa3 Qd8 33.
b5+ Qd6 34. Qa2 Rd8 35. Kg2 Qd2 36. Qa3+ Rd6 37. e3 Qd3 38. Qb4 Rc5 39. Qa4 Rd7 40.
Rg4 f5 41. Rf4 Rdc7 42. h4 Rxc4 43. Rxc4 Qxc4 44. Qa3+ Kf6 45. Qf8 Qe4+ 46. Kh2 Ke5 47. Qh8+ f6 48. Qb8 Qc4 49. h5 Ke4 50. Qa8+ Kd3 51.
h6 Rh7 52. Qf8 Qg4 53. Qxf6 Ke2 54. Kg1 Qe4 55. Qb2+ Kf3 56. Qf6 Qb1+ 57. Kh2 Kxf2 58. Kh3 Qh1# 0-1

[Event "*** Titled Tuesday Blitz"]
[Site "Chess.com"]
[Date "2021.04.06"]
[Round "6"]
[White "The_filthy"]
[Black "sergeikim"]
[Result "1-0"]
[WhiteElo "2386"]
[BlackElo "2523"]
[TimeControl "180+1"]
[EndTime "11:09:14 PDT"]
[Termination "The_filthy won on time"]

1. e4 e5 2. Nf3 Nc6 3. Bb5 a6 4. Ba4 Nf6 5. d3 b5 6. Bb3 Bc5 7.
Nc3 d6 8. a3 h6 9. h3 O-O 10.
g4 Be6 11. g5 hxg5 12. Bxg5 Nd4 13. Nxd4 Bxd4 14. Qf3 Bxc3+ 15. bxc3 Bxb3 16. cxb3 Re8 17. Rg1 Re6 18. d4 exd4 19. cxd4 Rxe4+ 20. Qxe4 Nxe4 21. Bxd8 Rxd8 22. f3 Nf6 23. Rc1 Re8+ 24. Kf2 Nd5 25. Rge1 Ra8 26. Rc6 Kf8 27. h4 Ra7 28. h5 Ne7 29.
Rc2 Nf5 30. Rd1 Ke7 31. f4 Kd7 32. Kf3 Ra8 33. Ke4 g6 34. hxg6 fxg6 35. Rh2 Re8+ 36. Kd3 Re3+ 37. Kc2 Re7 38. Kb2 Kc6 39. Rc2+ Kd5 40.
Rdc1 Nxd4 41. Rxc7 Re2+ 42. Kb1 Nxb3 43. Rd1+ Rd2 44. Rxd2+ Nxd2+ 45. Kc2 Nc4 46. Rg7 Nxa3+ 47. Kb3 Nc4 48. Rxg6 Ke4 49. Rf6 d5 50. Rxa6 Kxf4 51. Kb4 Ke4 52. Kxb5 Ne5 53. Ra1 d4 54. Re1+ Kd5 55.
Rd1 Ke4 56. Kc5 d3 57. Kb4 Ke3 58. Kc3 Ke2 59. Rd2+ 1-0

[Event "*** Titled Tuesday Blitz"]
[Site "Chess.com"]
[Date "2021.04.06"]
[Round "6"]
[White "Rafael_Ventura"]
[Black "kuba2006"]
[Result "0-1"]
[WhiteElo "2166"]
[BlackElo "2333"]
[TimeControl "180+1"]
[EndTime "11:09:16 PDT"]
[Termination "kuba2006 won by resignation"]

1. e4 Nf6 2. e5 Nd5 3. d4 d6 4.
c4 Nb6 5. exd6 exd6 6. Nc3 Be7 7.
Be3 O-O 8. Rc1 Bf6 9. Be2 Nc6 10. b3 Re8 11. d5 Ne7 12. Nh3 Bxh3 13. gxh3 Nf5 14.
Bf4 g6 15. O-O Be5 16. Bg3 Nd7 17. Bd3 Nxg3 18. hxg3 Nc5 19. Bb1 Qg5 20. Qf3 a5 21. h4 Qf6 22. Kg2 Re7 23. Ne2 Rae8 24. Qxf6 Bxf6 25.
Nf4 Bg7 26. Kf3 Bh6 27. Rc2 Bxf4 28. Kxf4 Nd3+ 29. Kg4 f5+ 30. Kh3 Nc5 31. Kg2 Re2 32.
Rfc1 Rxc2 33. Bxc2 Re2 34. Kf3 Re5 35. Rd1 Kg7 36.
a3 b6 37. b4 axb4 38. axb4 Nd7 39. Ra1 Re7 40. Kg2 Ne5 41. Bb3 Nd3 42. Bd1 Nxb4 43. Ra7 Kf6 44. Ra4 Nd3 45. Bc2 Ne1+ 46. Kf1 Nxc2 47. Ra2 Nd4 48. Rd2 Nb3 49. Rd3 Nc5 50.
Ra3 Ke5 51. Re3+ Kf6 52. Ra3 Ne4 53. Kg2 Nd2 54. Rc3 Re4 55. Ra3 Nxc4 56. Ra7 Re7 57.
f4 Ne3+ 58. Kf3 Nxd5 59. Ra3 c6 60. Rd3 b5 61. g4 Re3+ 62. Rxe3 Nxe3 63. Kxe3 fxg4 64.
Ke4 g3 65. Kf3 Kf5 66. Kxg3 b4 67. h5 b3 68. hxg6 0-1